Mustangs vs Mulligans
(R1)
Created - May 17, 2018 at 20:53
Goals
|
| Mustangs |
1 |
3 |
2 |
6 |
| Mulligans |
4 |
1 |
0 |
5 |
|
Shots
|
| Mustangs |
15 |
7 |
16 |
38 |
| Mulligans |
9 |
9 |
9 |
27 |
|
1st period
1. Mulligans , Eric Tangradi 7 (Jonathan Tremblay 6, Nick Bonino 3) at 11:48
2. Mulligans , Eric Tangradi 8 (Nick Bonino 4, Matt Niskanen 1) at 11:56
3. Mulligans , Eric Tangradi 9 (Nick Bonino 5) at 15:00
4. Mustangs , Derek Joslin 1 (Rick Schofield 4, Francis Paré 2) at 17:42
5. Mulligans , Nick Bonino 3 (Eric Tangradi 5, Matt Donovan 3) at 18:09
Penalties :
Cameron Gaunce (Ham) for Hooking (Minor) at 5:36, Josh Jooris (Ham) for Interference (Minor) at 15:03
2nd period
6. Mustangs , Marcus Foligno 9 (Riley Sheahan 8, Josh Jooris 14) at 8:54
7. Mulligans , Eric Tangradi 10 (Nick Bonino 6, Cody Goloubef 7) at 15:52
8. Mustangs , Josh Jooris 4 (Riley Sheahan 9, Denis Bodrov 6) at 17:08
9. Mustangs , Jerome Samson 2 (Jim O'Brien 3, Tomas Tatar 4) at 19:44
Penalties :
Marcus Foligno (Ham) for Tripping (Minor) at 5:20, Jonathan Tremblay (Rep) for Slashing (Minor) at 9:05
3rd period
10. Mustangs , Marcus Foligno 10 (Josh Jooris 15) at 2:46
11. Mustangs , Jim O'Brien 5 (Cameron Gaunce 9) at 16:02
Penalties :
Sven Baertschi (Rep) for Slashing (Minor) at 7:54, Jerome Samson (Ham) for Holding (Minor) at 10:26
Goalie Stats
Peter Mannino (Ham), 5 saves from 9 shots - (0.556), 18:09 minutes
Chet Pickard (Ham), 17 saves from 18 shots - (0.944), W, 2-2-0, 41:51 minutes
Anders Lindback (Rep), 32 saves from 38 shots - (0.842), L, 6-3-0, 59:33 minutes
Players Stats for Mustangs
Player Name G A P +/- PIM S H SB GA TA FO MP PP MP PK MP
------------------------------------------------------------------------------------
Alexei Marchenko 0 0 0 1 0 1 0 0 0 0 0/0 11:37 0:00 0:37
Andrew Shaw 0 0 0 -4 0 1 0 1 0 0 0/0 14:23 1:51 0:00
Cameron Gaunce 0 1 1 -1 2 1 0 2 1 2 0/0 26:03 2:46 3:25
Curtis Hamilton 0 0 0 1 0 0 0 0 0 0 0/0 7:07 0:00 0:00
Denis Bodrov 0 1 1 1 0 4 0 2 0 1 0/0 22:12 1:12 3:47
Derek Joslin 1 0 1 -1 0 1 2 0 0 0 0/0 27:14 2:46 4:35
Francis Paré 0 1 1 1 0 2 0 0 0 0 0/0 7:07 0:00 0:00
Jerome Samson 1 0 1 2 2 6 1 0 0 0 1/1 11:15 0:10 0:00
Jim O'Brien 1 1 2 2 0 5 2 0 0 0 4/9 12:51 0:00 1:28
Josh Jooris 1 2 3 2 2 3 2 0 0 0 1/1 18:32 1:57 0:00
Joshua Leivo 0 0 0 2 0 0 0 0 0 0 0/0 12:59 0:00 0:59
Marcus Foligno 2 0 2 2 2 4 1 0 0 0 1/1 21:27 1:57 3:04
Mark Pysyk 0 0 0 1 0 2 0 0 0 1 0/0 21:09 1:12 2:44
Mika Zibanejad 0 0 0 -4 0 2 1 1 0 0 5/17 17:19 1:59 1:51
Rick Schofield 0 1 1 1 0 3 1 0 0 0 2/3 7:07 0:00 0:00
Riley Sheahan 0 2 2 2 0 0 1 1 0 0 22/34 23:01 1:59 4:37
Scott Mayfield 0 0 0 1 0 3 1 0 0 0 0/0 11:52 0:00 0:44
Tomas Tatar 0 1 1 -4 0 0 3 2 0 0 1/1 18:45 2:01 3:53
Players Stats for Mulligans
Player Name G A P +/- PIM S H SB GA TA FO MP PP MP PK MP
------------------------------------------------------------------------------------
Anton Lander 0 0 0 0 0 0 0 0 0 0 6/12 17:27 3:24 1:35
Ben Hutton 0 0 0 -1 0 0 2 0 0 1 0/0 12:04 0:00 0:00
Benn Ferriero 0 0 0 -1 0 2 0 0 0 0 0/0 10:18 0:00 0:00
Cade Fairchild 0 0 0 -1 0 0 1 0 0 0 0/0 14:15 0:00 2:12
Christoph Bertschy 0 0 0 -2 0 0 1 0 0 0 2/4 7:31 0:00 0:10
Cody Goloubef 0 1 1 2 0 0 1 2 0 0 0/0 18:28 3:01 2:12
Darren Dietz 0 0 0 -1 0 0 0 0 0 0 0/0 3:30 0:00 0:00
Derek Dorsett 0 0 0 0 0 1 2 0 1 0 1/1 16:32 3:24 0:45
Drayson Bowman 0 0 0 -1 0 0 1 0 0 0 0/0 11:23 0:00 1:05
Eric Tangradi 4 1 5 2 0 6 3 0 1 0 1/2 22:55 4:32 0:19
Jonathan Tremblay 0 1 1 2 2 2 1 1 0 0 1/3 23:31 4:31 1:04
Logan Shaw 0 0 0 -2 0 4 1 0 0 0 0/0 7:29 0:01 0:00
Matt Beleskey 0 0 0 0 0 2 0 0 0 0 0/0 15:25 3:24 0:00
Matt Donovan 0 1 1 -1 0 4 2 0 0 0 0/0 26:21 4:55 1:46
Matt Niskanen 0 1 1 -1 0 0 1 1 0 0 0/0 23:31 4:55 0:00
Maxime Macenauer 0 0 0 -1 0 1 1 0 1 0 3/7 12:22 0:00 2:04
Nick Bonino 1 4 5 2 0 5 1 0 1 0 16/38 22:31 4:32 0:00
Sven Baertschi 0 0 0 -2 2 0 0 0 0 0 0/0 8:36 0:00 0:54
Thomas Hickey 0 0 0 1 0 0 0 0 0 0 0/0 21:51 3:01 1:46
3 Stars
1 - Eric Tangradi (Rep)
2 - Nick Bonino (Rep)
3 - Josh Jooris (Ham)
Power Play
Mustangs - 0 on 2 Attempt(s) - 0.00%
Mulligans - 0 on 4 Attempt(s) - 0.00%
Penalty Kill
Mustangs - 4 on 4 Attempt(s) - 100.00%
- Score 0 goal in Penalty Kill
Mulligans - 2 on 2 Attempt(s) - 100.00%
- Score 0 goal in Penalty Kill
Team Stat
Mustangs - Hits : 15 - Faceoff Wins : 37 - Blocked Shots : 9 - Penalty Minutes : 8
Mulligans - Hits : 18 - Faceoff Wins : 30 - Blocked Shots : 4 - Penalty Minutes : 4
Official
Referees : Walkom Stephen and Walsh Ian
Linesman : Shane Heyer and Vaughan Rody
Game Notes
Eric Tangradi has scored a Hat Trick!
Chet Pickard enters game at 18:09 of 1st period
Finance
Level 1 -- Attendance: 1923 (96.15%) -- Ticket Income $48,075
Level 2 -- Attendance: 1000 (100.00%) -- Ticket Income $12,000
Total Attendance: 2923 (97.43%)
Total Ticket Income: $60,075
Other Income: $3,004
Total Income: $63,079
Mustangs
5 vs 5 Forward
Center Left Wing Right Wing Time % Phy DF OF
1 Riley Sheahan Marcus Foligno Josh Jooris 40 1 2 2
2 Mika Zibanejad Tomas Tatar Andrew Shaw 30 1 2 2
3 Jim O'Brien Joshua Leivo Jerome Samson 20 1 2 2
4 Rick Schofield Curtis Hamilton Francis Paré 10 1 2 2
5 vs 5 Defense
Defense Defense Time % Phy DF OF
1 Cameron Gaunce Derek Joslin 44 1 2 2
2 Denis Bodrov Mark Pysyk 33 1 2 2
3 Alexei Marchenko Scott Mayfield 23 1 2 2
4 Cameron Gaunce Derek Joslin 0 1 2 2
PowerPlay Forward
Center Left Wing Right Wing Time % Phy DF OF
1 Riley Sheahan Marcus Foligno Josh Jooris 60 1 2 2
2 Mika Zibanejad Tomas Tatar Andrew Shaw 40 1 2 2
PowerPlay Defense
Defense Defense Time % Phy DF OF
1 Cameron Gaunce Derek Joslin 60 1 2 2
2 Denis Bodrov Mark Pysyk 40 1 2 2
Penalty Kill 4 Players Forward
Center Wing Time % Phy DF OF
1 Riley Sheahan Marcus Foligno 60 1 2 2
2 Jim O'Brien Tomas Tatar 40 1 2 2
Penalty Kill 4 Players Defense
Defense Defense Time % Phy DF OF
1 Cameron Gaunce Derek Joslin 60 1 2 2
2 Denis Bodrov Mark Pysyk 40 1 2 2
Penalty Kill - 3 Players Forward
Forward Time % Phy DF OF
1 Riley Sheahan 60 1 2 2
2 Jim O'Brien 40 1 2 2
Penalty Kill - 3 Players Defense
Defense Defense Time % Phy DF OF
1 Cameron Gaunce Derek Joslin 60 1 2 2
2 Denis Bodrov Mark Pysyk 40 1 2 2
4 vs 4 Forward
Center Wing Time % Phy DF OF
1 Riley Sheahan Marcus Foligno 60 1 2 2
2 Mika Zibanejad Tomas Tatar 40 1 2 2
4 vs 4 Defense
Defense Defense Time % Phy DF OF
1 Cameron Gaunce Derek Joslin 60 1 2 2
2 Denis Bodrov Mark Pysyk 40 1 2 2
Last Minutes Offensive
Center Left Wing Right Wing Defense Defense
Riley Sheahan Marcus Foligno Josh Jooris Cameron Gaunce Derek Joslin
Last Minutes Defensive
Center Left Wing Right Wing Defense Defense
Riley Sheahan Marcus Foligno Josh Jooris Cameron Gaunce Derek Joslin
Goaltenders
Starting : Peter Mannino
Backup : Chet Pickard
Extra Forwards
Normal : Riley Sheahan, Mika Zibanejad, Jim O'Brien - PP : Mika Zibanejad, Riley Sheahan - PK : Marcus Foligno
Extra Defensemen
Normal : Derek Joslin, Mark Pysyk, Cameron Gaunce - PP : Derek Joslin - PK : Denis Bodrov, Cameron Gaunce
Penalty Shots
Riley Sheahan, Mika Zibanejad, Andrew Shaw, Marcus Foligno, Josh Jooris
Scratches
Roman Horak (Healthy), Andreas Athanasiou (Sports Hernia Injury), Brady Skjei (Sore Right Knee Injury), Dominik Uher (Healthy), Joe Finley (Healthy)
Eric Knodel (Healthy), Matthew Finn (Healthy), Danny Biega (Healthy), Raphael Bussieres (Healthy), Sam Kurker (Healthy)
Max Gortz (Healthy), Riley Nash (Healthy), Justin Peters (Healthy), Joacim Eriksson (Healthy)
Mulligans
5 vs 5 Forward
Center Left Wing Right Wing Time % Phy DF OF
1 Nick Bonino Eric Tangradi Jonathan Tremblay 40 0 2 3
2 Anton Lander Matt Beleskey Derek Dorsett 30 0 2 3
3 Maxime Macenauer Drayson Bowman Benn Ferriero 20 0 2 3
4 Christoph Bertschy Sven Baertschi Logan Shaw 10 0 2 3
5 vs 5 Defense
Defense Defense Time % Phy DF OF
1 Matt Niskanen Matt Donovan 40 0 3 2
2 Thomas Hickey Cody Goloubef 30 0 3 2
3 Ben Hutton Cade Fairchild 20 0 3 2
4 Darren Dietz Thomas Hickey 10 0 3 2
PowerPlay Forward
Center Left Wing Right Wing Time % Phy DF OF
1 Nick Bonino Eric Tangradi Jonathan Tremblay 60 0 1 4
2 Anton Lander Matt Beleskey Derek Dorsett 40 0 1 4
PowerPlay Defense
Defense Defense Time % Phy DF OF
1 Matt Niskanen Matt Donovan 60 0 2 3
2 Cody Goloubef Thomas Hickey 40 0 2 3
Penalty Kill 4 Players Forward
Center Wing Time % Phy DF OF
1 Maxime Macenauer Jonathan Tremblay 60 1 3 1
2 Anton Lander Derek Dorsett 40 1 3 1
Penalty Kill 4 Players Defense
Defense Defense Time % Phy DF OF
1 Cade Fairchild Cody Goloubef 60 1 4 0
2 Matt Donovan Thomas Hickey 40 1 4 0
Penalty Kill - 3 Players Forward
Forward Time % Phy DF OF
1 Maxime Macenauer 60 1 3 1
2 Anton Lander 40 1 3 1
Penalty Kill - 3 Players Defense
Defense Defense Time % Phy DF OF
1 Thomas Hickey Matt Donovan 60 1 4 0
2 Cody Goloubef Cade Fairchild 40 1 4 0
4 vs 4 Forward
Center Wing Time % Phy DF OF
1 Nick Bonino Eric Tangradi 60 0 2 3
2 Anton Lander Derek Dorsett 40 0 2 3
4 vs 4 Defense
Defense Defense Time % Phy DF OF
1 Matt Niskanen Matt Donovan 60 0 3 2
2 Cody Goloubef Cade Fairchild 40 0 3 2
Last Minutes Offensive
Center Left Wing Right Wing Defense Defense
Nick Bonino Eric Tangradi Jonathan Tremblay Thomas Hickey Matt Donovan
Last Minutes Defensive
Center Left Wing Right Wing Defense Defense
Maxime Macenauer Matt Beleskey Jonathan Tremblay Thomas Hickey Matt Donovan
Goaltenders
Starting : Anders Lindback
Backup : Calvin Pickard
Extra Forwards
Normal : Christoph Bertschy, Benn Ferriero, Drayson Bowman - PP : Anton Lander, Logan Shaw - PK : Drayson Bowman
Extra Defensemen
Normal : Ben Hutton, Darren Dietz, Cody Goloubef - PP : Ben Hutton - PK : Matt Niskanen, Darren Dietz
Penalty Shots
Jonathan Tremblay, Nick Bonino, Eric Tangradi, Maxime Macenauer, Logan Shaw
Scratches
Chris Neil (Healthy), Joonas Donskoi (Healthy), Reid Boucher (Healthy), Nick Shore (Healthy), Mario Lucia (Healthy)
Adam Lowry (Healthy), Marek Langhamer (Healthy)
% Time on Ice - Mustangs
Lines # - Real PCT - Wanted PCT - Time Play
Normal Forward
1 - 35% - 40% - 16:15
2 - 27% - 30% - 12:32
3 - 24% - 20% - 11:05
4 - 15% - 10% - 7:07
Normal Defense
1 - 41% - 44% - 19:07
2 - 36% - 33% - 16:52
3 - 23% - 23% - 11:00
4 - 0% - 0% - 0:00
PP Forward
1 - 53% - 60% - 2:07
2 - 47% - 40% - 1:51
PP Defense
1 - 70% - 60% - 2:46
2 - 30% - 40% - 1:12
PK Forward
1 - 82% - 60% - 6:28
2 - 18% - 40% - 1:28
PK Defense
1 - 66% - 60% - 5:12
2 - 34% - 40% - 2:44
PK3 Forward
1 - 0% - 60%
2 - 0% - 40%
PK3 Defense
1 - 0% - 60%
2 - 0% - 40%
44 Forward
1 - 0% - 60%
2 - 0% - 40%
44 Defense
1 - 0% - 60%
2 - 0% - 40%
Last Minute Offensive - 0:00
Last Minute Defensive - 1:07
Total
Forward - 60:00
Defense - 60:00
|
% Time on Ice - Mulligans
Lines # - Real PCT - Wanted PCT - Time Play
Normal Forward
1 - 36% - 40% - 16:56
2 - 26% - 30% - 12:23
3 - 22% - 20% - 10:18
4 - 16% - 10% - 7:21
Normal Defense
1 - 40% - 40% - 18:58
2 - 27% - 30% - 12:49
3 - 25% - 20% - 11:41
4 - 7% - 10% - 3:30
PP Forward
1 - 57% - 60% - 4:32
2 - 43% - 40% - 3:24
PP Defense
1 - 62% - 60% - 4:55
2 - 38% - 40% - 3:01
PK Forward
1 - 81% - 60% - 3:13
2 - 19% - 40% - 0:45
PK Defense
1 - 55% - 60% - 2:12
2 - 45% - 40% - 1:46
PK3 Forward
1 - 0% - 60%
2 - 0% - 40%
PK3 Defense
1 - 0% - 60%
2 - 0% - 40%
44 Forward
1 - 0% - 60%
2 - 0% - 40%
44 Defense
1 - 0% - 60%
2 - 0% - 40%
Last Minute Offensive - 1:08
Last Minute Defensive - 0:00
Total
Forward - 60:00
Defense - 60:00
|
Play by Play
1st period
0:01 of 1st period - Riley Sheahan wins face-off versus Nick Bonino in neutral zone.
0:49 of 1st period - Snap shot by Logan Shaw.
0:49 of 1st period - Shot Blocked by Cameron Gaunce.
1:31 of 1st period - Snap shot by Rick Schofield.
1:31 of 1st period - Stopped by Anders Lindback without a rebound.
1:32 of 1st period - Riley Sheahan wins face-off versus Anton Lander in Mulligans zone.
1:45 of 1st period - Slapshot by Josh Jooris.
1:45 of 1st period - Stopped by Anders Lindback without a rebound.
1:46 of 1st period - Mika Zibanejad wins face-off versus Nick Bonino in Mulligans zone.
2:42 of 1st period - Snap shot by Matt Beleskey.
2:42 of 1st period - Stopped by Peter Mannino with a rebound.
2:56 of 1st period - Backhand shot by Jim O'Brien.
2:56 of 1st period - Shot Misses the Net.
2:58 of 1st period - Wrist shot by Jerome Samson.
2:58 of 1st period - Stopped by Anders Lindback with a rebound.
3:00 of 1st period - Snap shot by Jim O'Brien.
3:00 of 1st period - Deflect By Jerome Samson.
3:00 of 1st period - Shot Misses the Net.
3:00 of 1st period - Puck is out of play.
3:01 of 1st period - Nick Bonino wins face-off versus Jim O'Brien in Mulligans zone.
3:45 of 1st period - Slapshot by Jerome Samson.
3:45 of 1st period - Stopped by Anders Lindback with a rebound.
3:47 of 1st period - Slapshot by Alexei Marchenko.
3:47 of 1st period - Shot Misses the Net.
3:53 of 1st period - Slapshot by Jim O'Brien.
3:53 of 1st period - Stopped by Anders Lindback without a rebound.
3:54 of 1st period - Marcus Foligno wins face-off versus Anton Lander in Mulligans zone.
3:59 of 1st period - Snap shot by Josh Jooris.
3:59 of 1st period - Shot Misses the Net.
4:22 of 1st period - Cody Goloubef is hit by Marcus Foligno and loses puck.
4:37 of 1st period - Wrist shot by Matt Beleskey.
4:37 of 1st period - Shot Misses the Net.
5:03 of 1st period - Wrist shot by Anton Lander.
5:03 of 1st period - Shot Misses the Net.
5:05 of 1st period - Slapshot by Cody Goloubef.
5:05 of 1st period - Deflect By Derek Dorsett.
5:05 of 1st period - Shot Misses the Net.
5:05 of 1st period - Puck is out of play.
5:06 of 1st period - Mika Zibanejad wins face-off versus Nick Bonino in Mustangs zone.
5:15 of 1st period - Snap shot by Mika Zibanejad.
5:15 of 1st period - Shot Hit the Post.
5:17 of 1st period - Snap shot by Cameron Gaunce.
5:17 of 1st period - Stopped by Anders Lindback without a rebound.
5:18 of 1st period - Tomas Tatar wins face-off versus Maxime Macenauer in Mulligans zone.
5:25 of 1st period - Slapshot by Tomas Tatar.
5:25 of 1st period - Shot Misses the Net.
5:33 of 1st period - Wrist shot by Matt Donovan.
5:33 of 1st period - Deflect By Drayson Bowman.
5:33 of 1st period - Shot Misses the Net.
5:33 of 1st period - Puck is out of play.
5:34 of 1st period - Rick Schofield wins face-off versus Nick Bonino in Mustangs zone.
5:36 of 1st period - Minor Penalty to Cameron Gaunce for Hooking.
5:37 of 1st period - Nick Bonino wins face-off versus Riley Sheahan in Mustangs zone.
5:39 of 1st period - Wrist shot by Eric Tangradi.
5:39 of 1st period - Deflect By Jonathan Tremblay.
5:39 of 1st period - Shot Misses the Net.
5:39 of 1st period - Puck is out of play.
5:40 of 1st period - Riley Sheahan wins face-off versus Nick Bonino in Mustangs zone.
5:40 of 1st period - Riley Sheahan is hit by Eric Tangradi.
5:55 of 1st period - Off-side.
5:56 of 1st period - Riley Sheahan wins face-off versus Nick Bonino in neutral zone.
5:59 of 1st period - Snap shot by Marcus Foligno.
5:59 of 1st period - Shot Blocked by Jonathan Tremblay.
7:36 of 1st period - Penalty to Cameron Gaunce is over, Cameron Gaunce is back on ice.
7:49 of 1st period - Cody Goloubef is hit by Jim O'Brien and loses puck.
8:07 of 1st period - Cade Fairchild is hit by Rick Schofield and loses puck.
8:16 of 1st period - Mark Pysyk is hit by Cade Fairchild and loses puck.
9:02 of 1st period - Anton Lander is hit by Scott Mayfield and loses puck.
9:13 of 1st period - Tomas Tatar is hit by Drayson Bowman and loses puck.
10:24 of 1st period - Jim O'Brien is hit by Cody Goloubef and loses puck.
10:56 of 1st period - Snap shot by Riley Sheahan.
10:56 of 1st period - Shot Misses the Net.
11:40 of 1st period - Icing by Tomas Tatar.
11:41 of 1st period - Nick Bonino wins face-off versus Mika Zibanejad in Mustangs zone.
11:44 of 1st period - Snap shot by Eric Tangradi.
11:44 of 1st period - Shot Blocked by Tomas Tatar.
11:46 of 1st period - Wrist shot by Jonathan Tremblay.
11:46 of 1st period - Shot Misses the Net.
11:48 of 1st period - Wrist shot by Eric Tangradi.
11:48 of 1st period - Goal by Eric Tangradi - Mustangs : 0 - Mulligans : 1.
11:49 of 1st period - Nick Bonino wins face-off versus Riley Sheahan in neutral zone.
11:56 of 1st period - Snap shot by Eric Tangradi.
11:56 of 1st period - Goal by Eric Tangradi - Mustangs : 0 - Mulligans : 2.
11:57 of 1st period - Nick Bonino wins face-off versus Mika Zibanejad in neutral zone.
12:12 of 1st period - Nick Bonino is hit by Tomas Tatar and loses puck.
13:09 of 1st period - Off-side.
13:10 of 1st period - Jerome Samson wins face-off versus Christoph Bertschy in neutral zone.
13:13 of 1st period - Wrist shot by Jim O'Brien.
13:13 of 1st period - Stopped by Anders Lindback with a rebound.
13:15 of 1st period - Snap shot by Denis Bodrov.
13:15 of 1st period - Stopped by Anders Lindback without a rebound.
13:16 of 1st period - Jim O'Brien wins face-off versus Eric Tangradi in Mulligans zone.
13:19 of 1st period - Wrist shot by Jerome Samson.
13:19 of 1st period - Stopped by Anders Lindback without a rebound.
13:20 of 1st period - Riley Sheahan wins face-off versus Nick Bonino in Mulligans zone.
13:45 of 1st period - Nick Bonino is hit by Jim O'Brien.
14:54 of 1st period - Slapshot by Sven Baertschi.
14:54 of 1st period - Deflect By Logan Shaw.
14:54 of 1st period - Stopped by Peter Mannino with a rebound.
14:56 of 1st period - Snap shot by Logan Shaw.
14:56 of 1st period - Stopped by Peter Mannino without a rebound.
14:57 of 1st period - Christoph Bertschy wins face-off versus Mika Zibanejad in Mustangs zone.
14:58 of 1st period - Snap shot by Logan Shaw.
14:58 of 1st period - Stopped by Peter Mannino without a rebound.
14:59 of 1st period - Nick Bonino wins face-off versus Mika Zibanejad in Mustangs zone.
15:00 of 1st period - Snap shot by Eric Tangradi.
15:00 of 1st period - Goal by Eric Tangradi - Mustangs : 0 - Mulligans : 3.
15:01 of 1st period - Riley Sheahan wins face-off versus Nick Bonino in neutral zone.
15:03 of 1st period - Minor Penalty to Josh Jooris for Interference.
15:04 of 1st period - Nick Bonino wins face-off versus Riley Sheahan in Mustangs zone.
17:03 of 1st period - Penalty to Josh Jooris is over, Josh Jooris is back on ice.
17:20 of 1st period - Snap shot by Drayson Bowman.
17:20 of 1st period - Shot Misses the Net.
17:36 of 1st period - Slapshot by Mark Pysyk.
17:36 of 1st period - Stopped by Anders Lindback without a rebound.
17:37 of 1st period - Rick Schofield wins face-off versus Christoph Bertschy in Mulligans zone.
17:40 of 1st period - Wrist shot by Rick Schofield.
17:40 of 1st period - Stopped by Anders Lindback with a rebound.
17:42 of 1st period - Wrist shot by Derek Joslin.
17:42 of 1st period - Deflect By Thomas Hickey.
17:42 of 1st period - Goal by Derek Joslin - Mustangs : 1 - Mulligans : 3.
17:43 of 1st period - Nick Bonino wins face-off versus Mika Zibanejad in neutral zone.
17:46 of 1st period - Backhand shot by Matt Donovan.
17:46 of 1st period - Deflect By Nick Bonino.
17:46 of 1st period - Shot Misses the Net.
17:46 of 1st period - Puck is out of play.
17:47 of 1st period - Nick Bonino wins face-off versus Mika Zibanejad in Mustangs zone.
17:50 of 1st period - Wrist shot by Eric Tangradi.
17:50 of 1st period - Stopped by Peter Mannino with a rebound.
17:52 of 1st period - Slapshot by Nick Bonino.
17:52 of 1st period - Deflect By Jonathan Tremblay.
17:52 of 1st period - Deflect By Cameron Gaunce.
17:52 of 1st period - Shot Misses the Net.
17:52 of 1st period - Puck is out of play.
17:53 of 1st period - Nick Bonino wins face-off versus Mika Zibanejad in Mustangs zone.
18:09 of 1st period - Slapshot by Nick Bonino.
18:09 of 1st period - Goal by Nick Bonino - Mustangs : 1 - Mulligans : 4.
18:09 of 1st period - Chet Pickard enters game.
18:10 of 1st period - Jonathan Tremblay wins face-off versus Riley Sheahan in neutral zone.
18:55 of 1st period - Slapshot by Andrew Shaw.
18:55 of 1st period - Stopped by Anders Lindback with a rebound.
19:09 of 1st period - Slapshot by Jerome Samson.
19:09 of 1st period - Stopped by Anders Lindback with a rebound.
19:15 of 1st period - Snap shot by Jerome Samson.
19:15 of 1st period - Shot Blocked by Cody Goloubef.
19:29 of 1st period - Curtis Hamilton is hit by Matt Donovan and loses puck.
19:50 of 1st period - Backhand shot by Mika Zibanejad.
19:50 of 1st period - Stopped by Anders Lindback without a rebound.
19:51 of 1st period - Mika Zibanejad wins face-off versus Nick Bonino in Mulligans zone.
Goals for this period are 1 for Mustangs vs 4 for Mulligans.
Shots for this period are 15 for Mustangs vs 9 for Mulligans.
2nd period
0:01 of 2nd period - Riley Sheahan wins face-off versus Nick Bonino in neutral zone.
0:26 of 2nd period - Matt Beleskey is hit by Derek Joslin and loses puck.
0:31 of 2nd period - Wrist shot by Tomas Tatar.
0:31 of 2nd period - Shot Misses the Net.
0:33 of 2nd period - Snap shot by Andrew Shaw.
0:33 of 2nd period - Shot Misses the Net.
0:35 of 2nd period - Slapshot by Mark Pysyk.
0:35 of 2nd period - Shot Blocked by Matt Niskanen.
0:37 of 2nd period - Slapshot by Mark Pysyk.
0:37 of 2nd period - Shot Misses the Net.
1:10 of 2nd period - Off-side.
1:11 of 2nd period - Riley Sheahan wins face-off versus Nick Bonino in neutral zone.
2:08 of 2nd period - Icing by Jim O'Brien.
2:09 of 2nd period - Jim O'Brien wins face-off versus Jonathan Tremblay in Mustangs zone.
2:09 of 2nd period - Jim O'Brien is hit by Jonathan Tremblay.
2:16 of 2nd period - Off-side.
2:17 of 2nd period - Riley Sheahan wins face-off versus Nick Bonino in neutral zone.
2:47 of 2nd period - Snap shot by Anton Lander.
2:47 of 2nd period - Shot Blocked by Mika Zibanejad.
3:25 of 2nd period - Slapshot by Mark Pysyk.
3:25 of 2nd period - Stopped by Anders Lindback with a rebound.
3:48 of 2nd period - Wrist shot by Marcus Foligno.
3:48 of 2nd period - Stopped by Anders Lindback with a rebound.
3:50 of 2nd period - Snap shot by Marcus Foligno.
3:50 of 2nd period - Shot Misses the Net.
3:52 of 2nd period - Snap shot by Scott Mayfield.
3:52 of 2nd period - Stopped by Anders Lindback with a rebound.
4:02 of 2nd period - Slapshot by Derek Dorsett.
4:02 of 2nd period - Stopped by Chet Pickard without a rebound.
4:03 of 2nd period - Mika Zibanejad wins face-off versus Anton Lander in Mustangs zone.
4:27 of 2nd period - Derek Joslin is hit by Derek Dorsett and loses puck.
5:01 of 2nd period - Off-side.
5:02 of 2nd period - Riley Sheahan wins face-off versus Jonathan Tremblay in neutral zone.
5:20 of 2nd period - Minor Penalty to Marcus Foligno for Tripping.
5:21 of 2nd period - Nick Bonino wins face-off versus Riley Sheahan in Mustangs zone.
5:29 of 2nd period - Slapshot by Jonathan Tremblay.
5:29 of 2nd period - Stopped by Chet Pickard without a rebound.
5:30 of 2nd period - Riley Sheahan wins face-off versus Nick Bonino in Mustangs zone.
5:55 of 2nd period - Wrist shot by Eric Tangradi.
5:55 of 2nd period - Shot Blocked by Tomas Tatar.
5:59 of 2nd period - Snap shot by Eric Tangradi.
5:59 of 2nd period - Stopped by Chet Pickard with a rebound.
6:01 of 2nd period - Slapshot by Matt Donovan.
6:01 of 2nd period - Stopped by Chet Pickard without a rebound.
6:02 of 2nd period - Riley Sheahan wins face-off versus Anton Lander in Mustangs zone.
6:13 of 2nd period - Slapshot by Thomas Hickey.
6:13 of 2nd period - Deflect By Anton Lander.
6:13 of 2nd period - Shot Misses the Net.
6:13 of 2nd period - Puck is out of play.
6:14 of 2nd period - Eric Tangradi wins face-off versus Riley Sheahan in Mustangs zone.
6:25 of 2nd period - Slapshot by Matt Donovan.
6:25 of 2nd period - Stopped by Chet Pickard with a rebound.
7:20 of 2nd period - Penalty to Marcus Foligno is over, Marcus Foligno is back on ice.
7:36 of 2nd period - Snap shot by Cameron Gaunce.
7:36 of 2nd period - Shot Misses the Net.
7:38 of 2nd period - Slapshot by Cameron Gaunce.
7:38 of 2nd period - Deflect By Tomas Tatar.
7:38 of 2nd period - Shot Misses the Net.
7:38 of 2nd period - Puck is out of play.
7:39 of 2nd period - Derek Dorsett wins face-off versus Rick Schofield in Mulligans zone.
7:52 of 2nd period - Snap shot by Anton Lander.
7:52 of 2nd period - Deflect By Derek Dorsett.
7:52 of 2nd period - Shot Blocked by Denis Bodrov.
7:52 of 2nd period - Puck is out of play.
7:53 of 2nd period - Nick Bonino wins face-off versus Jim O'Brien in Mustangs zone.
7:54 of 2nd period - Snap shot by Eric Tangradi.
7:54 of 2nd period - Shot Misses the Net.
7:56 of 2nd period - Slapshot by Eric Tangradi.
7:56 of 2nd period - Shot Blocked by Denis Bodrov.
8:24 of 2nd period - Slapshot by Matt Beleskey.
8:24 of 2nd period - Shot Misses the Net.
8:26 of 2nd period - Snap shot by Derek Dorsett.
8:26 of 2nd period - Shot Misses the Net.
8:44 of 2nd period - Snap shot by Benn Ferriero.
8:44 of 2nd period - Stopped by Chet Pickard without a rebound.
8:45 of 2nd period - Riley Sheahan wins face-off versus Nick Bonino in Mustangs zone.
8:54 of 2nd period - Snap shot by Marcus Foligno.
8:54 of 2nd period - Goal by Marcus Foligno - Mustangs : 2 - Mulligans : 4.
8:55 of 2nd period - Riley Sheahan wins face-off versus Nick Bonino in neutral zone.
9:05 of 2nd period - Minor Penalty to Jonathan Tremblay for Slashing.
9:06 of 2nd period - Maxime Macenauer wins face-off versus Riley Sheahan in Mulligans zone.
11:05 of 2nd period - Penalty to Jonathan Tremblay is over, Jonathan Tremblay is back on ice.
11:42 of 2nd period - Jerome Samson is hit by Ben Hutton and loses puck.
12:07 of 2nd period - Denis Bodrov is hit by Eric Tangradi and loses puck.
12:35 of 2nd period - Christoph Bertschy is hit by Jerome Samson and loses puck.
13:32 of 2nd period - Andrew Shaw is hit by Maxime Macenauer and loses puck.
14:27 of 2nd period - Drayson Bowman is hit by Tomas Tatar.
14:37 of 2nd period - Logan Shaw is hit by Riley Sheahan and loses puck.
15:00 of 2nd period - Josh Jooris is hit by Christoph Bertschy and loses puck.
15:07 of 2nd period - Snap shot by Logan Shaw.
15:07 of 2nd period - Stopped by Chet Pickard with a rebound.
15:09 of 2nd period - Snap shot by Matt Donovan.
15:09 of 2nd period - Stopped by Chet Pickard without a rebound.
15:10 of 2nd period - Nick Bonino wins face-off versus Mika Zibanejad in Mustangs zone.
15:15 of 2nd period - Snap shot by Nick Bonino.
15:15 of 2nd period - Shot Misses the Net.
15:26 of 2nd period - Denis Bodrov is hit by Nick Bonino and loses puck.
15:33 of 2nd period - Jonathan Tremblay is hit by Mika Zibanejad and loses puck.
15:48 of 2nd period - Wrist shot by Eric Tangradi.
15:48 of 2nd period - Shot Misses the Net.
15:50 of 2nd period - Wrist shot by Nick Bonino.
15:50 of 2nd period - Shot Misses the Net.
15:52 of 2nd period - Snap shot by Eric Tangradi.
15:52 of 2nd period - Goal by Eric Tangradi - Mustangs : 2 - Mulligans : 5.
15:53 of 2nd period - Anton Lander wins face-off versus Riley Sheahan in neutral zone.
17:04 of 2nd period - Wrist shot by Riley Sheahan.
17:04 of 2nd period - Shot Misses the Net.
17:08 of 2nd period - Wrist shot by Josh Jooris.
17:08 of 2nd period - Goal by Josh Jooris - Mustangs : 3 - Mulligans : 5.
17:09 of 2nd period - Riley Sheahan wins face-off versus Nick Bonino in neutral zone.
17:39 of 2nd period - Wrist shot by Jerome Samson.
17:39 of 2nd period - Stopped by Anders Lindback with a rebound.
17:41 of 2nd period - Snap shot by Joshua Leivo.
17:41 of 2nd period - Shot Misses the Net.
17:43 of 2nd period - Slapshot by Cameron Gaunce.
17:43 of 2nd period - Shot Misses the Net.
17:54 of 2nd period - Icing by Nick Bonino.
17:55 of 2nd period - Anton Lander wins face-off versus Mika Zibanejad in Mulligans zone.
19:44 of 2nd period - Slapshot by Jerome Samson.
19:44 of 2nd period - Deflect By Matt Donovan.
19:44 of 2nd period - Goal by Jerome Samson - Mustangs : 4 - Mulligans : 5.
19:45 of 2nd period - Riley Sheahan wins face-off versus Nick Bonino in neutral zone.
Goals for this period are 3 for Mustangs vs 1 for Mulligans.
Shots for this period are 7 for Mustangs vs 9 for Mulligans.
3rd period
0:01 of 3rd period - Riley Sheahan wins face-off versus Nick Bonino in neutral zone.
0:26 of 3rd period - Derek Joslin is hit by Matt Donovan and loses puck.
1:37 of 3rd period - Wrist shot by Nick Bonino.
1:37 of 3rd period - Stopped by Chet Pickard without a rebound.
1:38 of 3rd period - Anton Lander wins face-off versus Mika Zibanejad in Mustangs zone.
2:03 of 3rd period - Jonathan Tremblay is hit by Derek Joslin and loses puck.
2:24 of 3rd period - Slapshot by Matt Donovan.
2:24 of 3rd period - Stopped by Chet Pickard without a rebound.
2:25 of 3rd period - Christoph Bertschy wins face-off versus Jim O'Brien in Mustangs zone.
2:39 of 3rd period - Off-side.
2:40 of 3rd period - Josh Jooris wins face-off versus Nick Bonino in neutral zone.
2:46 of 3rd period - Backhand shot by Marcus Foligno.
2:46 of 3rd period - Goal by Marcus Foligno - Mustangs : 5 - Mulligans : 5.
2:47 of 3rd period - Riley Sheahan wins face-off versus Nick Bonino in neutral zone.
2:58 of 3rd period - Marcus Foligno is hit by Eric Tangradi and loses puck.
3:21 of 3rd period - Wrist shot by Tomas Tatar.
3:21 of 3rd period - Deflect By Mika Zibanejad.
3:21 of 3rd period - Stopped by Anders Lindback without a rebound.
3:22 of 3rd period - Riley Sheahan wins face-off versus Anton Lander in Mulligans zone.
4:33 of 3rd period - Rick Schofield is hit by Logan Shaw.
4:49 of 3rd period - Matt Beleskey is hit by Josh Jooris and loses puck.
5:24 of 3rd period - Wrist shot by Josh Jooris.
5:24 of 3rd period - Shot Misses the Net.
6:31 of 3rd period - Off-side.
6:32 of 3rd period - Anton Lander wins face-off versus Mika Zibanejad in neutral zone.
7:02 of 3rd period - Slapshot by Scott Mayfield.
7:02 of 3rd period - Stopped by Anders Lindback with a rebound.
7:04 of 3rd period - Slapshot by Jerome Samson.
7:04 of 3rd period - Deflect By Jim O'Brien.
7:04 of 3rd period - Stopped by Anders Lindback with a rebound.
7:06 of 3rd period - Wrist shot by Jim O'Brien.
7:06 of 3rd period - Stopped by Anders Lindback without a rebound.
7:07 of 3rd period - Anton Lander wins face-off versus Jim O'Brien in Mulligans zone.
7:37 of 3rd period - Snap shot by Maxime Macenauer.
7:37 of 3rd period - Stopped by Chet Pickard with a rebound.
7:39 of 3rd period - Slapshot by Thomas Hickey.
7:39 of 3rd period - Shot Blocked by Andrew Shaw.
7:41 of 3rd period - Slapshot by Maxime Macenauer.
7:41 of 3rd period - Shot Misses the Net.
7:43 of 3rd period - Slapshot by Benn Ferriero.
7:43 of 3rd period - Shot Misses the Net.
7:54 of 3rd period - Minor Penalty to Sven Baertschi for Slashing.
7:55 of 3rd period - Maxime Macenauer wins face-off versus Mika Zibanejad in Mulligans zone.
8:04 of 3rd period - Slapshot by Cody Goloubef.
8:04 of 3rd period - Shot Misses the Net.
8:10 of 3rd period - Snap shot by Andrew Shaw.
8:10 of 3rd period - Shot Misses the Net.
8:55 of 3rd period - Icing by Marcus Foligno.
8:56 of 3rd period - Anton Lander wins face-off versus Riley Sheahan in Mustangs zone.
9:54 of 3rd period - Penalty to Sven Baertschi is over, Sven Baertschi is back on ice.
10:03 of 3rd period - Snap shot by Rick Schofield.
10:03 of 3rd period - Shot Blocked by Cody Goloubef.
10:05 of 3rd period - Slapshot by Alexei Marchenko.
10:05 of 3rd period - Stopped by Anders Lindback with a rebound.
10:07 of 3rd period - Slapshot by Alexei Marchenko.
10:07 of 3rd period - Shot Misses the Net.
10:09 of 3rd period - Snap shot by Francis Paré.
10:09 of 3rd period - Deflect By Anton Lander.
10:09 of 3rd period - Stopped by Anders Lindback with a rebound.
10:11 of 3rd period - Slapshot by Scott Mayfield.
10:11 of 3rd period - Stopped by Anders Lindback with a rebound.
10:13 of 3rd period - Snap shot by Francis Paré.
10:13 of 3rd period - Stopped by Anders Lindback with a rebound.
10:15 of 3rd period - Snap shot by Rick Schofield.
10:15 of 3rd period - Stopped by Anders Lindback without a rebound.
10:16 of 3rd period - Maxime Macenauer wins face-off versus Jim O'Brien in Mulligans zone.
10:26 of 3rd period - Minor Penalty to Jerome Samson for Holding.
10:27 of 3rd period - Riley Sheahan wins face-off versus Nick Bonino in Mustangs zone.
10:57 of 3rd period - Slapshot by Matt Donovan.
10:57 of 3rd period - Shot Blocked by Cameron Gaunce.
10:59 of 3rd period - Snap shot by Derek Dorsett.
10:59 of 3rd period - Shot Misses the Net.
11:37 of 3rd period - Cody Goloubef is hit by Tomas Tatar and loses puck.
12:26 of 3rd period - Penalty to Jerome Samson is over, Jerome Samson is back on ice.
12:59 of 3rd period - Slapshot by Thomas Hickey.
12:59 of 3rd period - Shot Misses the Net.
13:17 of 3rd period - Maxime Macenauer is hit by Josh Jooris.
14:55 of 3rd period - Rick Schofield is hit by Derek Dorsett and loses puck.
15:19 of 3rd period - Icing by Andrew Shaw.
15:20 of 3rd period - Mika Zibanejad wins face-off versus Anton Lander in Mustangs zone.
15:39 of 3rd period - Scott Mayfield is hit by Ben Hutton and loses puck.
16:02 of 3rd period - Slapshot by Cameron Gaunce.
16:02 of 3rd period - Deflect By Jim O'Brien.
16:02 of 3rd period - Goal by Jim O'Brien - Mustangs : 6 - Mulligans : 5.
16:03 of 3rd period - Riley Sheahan wins face-off versus Maxime Macenauer in neutral zone.
16:06 of 3rd period - Slapshot by Marcus Foligno.
16:06 of 3rd period - Shot Misses the Net.
16:14 of 3rd period - Slapshot by Matt Donovan.
16:14 of 3rd period - Shot Misses the Net.
16:16 of 3rd period - Slapshot by Drayson Bowman.
16:16 of 3rd period - Shot Misses the Net.
16:18 of 3rd period - Snap shot by Benn Ferriero.
16:18 of 3rd period - Stopped by Chet Pickard with a rebound.
16:55 of 3rd period - Wrist shot by Matt Beleskey.
16:55 of 3rd period - Stopped by Chet Pickard without a rebound.
16:56 of 3rd period - Jim O'Brien wins face-off versus Maxime Macenauer in Mustangs zone.
17:10 of 3rd period - Off-side.
17:11 of 3rd period - Nick Bonino wins face-off versus Riley Sheahan in neutral zone.
17:16 of 3rd period - Snap shot by Eric Tangradi.
17:16 of 3rd period - Deflect By Nick Bonino.
17:16 of 3rd period - Shot Misses the Net.
17:16 of 3rd period - Puck is out of play.
17:17 of 3rd period - Riley Sheahan wins face-off versus Nick Bonino in Mustangs zone.
17:17 of 3rd period - Riley Sheahan is hit by Matt Niskanen.
17:23 of 3rd period - Wrist shot by Nick Bonino.
17:23 of 3rd period - Stopped by Chet Pickard with a rebound.
17:25 of 3rd period - Snap shot by Matt Donovan.
17:25 of 3rd period - Shot Blocked by Riley Sheahan.
17:27 of 3rd period - Wrist shot by Nick Bonino.
17:27 of 3rd period - Stopped by Chet Pickard without a rebound.
17:28 of 3rd period - Jim O'Brien wins face-off versus Maxime Macenauer in Mustangs zone.
19:01 of 3rd period - Slapshot by Marcus Foligno.
19:01 of 3rd period - Stopped by Anders Lindback with a rebound.
19:03 of 3rd period - Wrist shot by Riley Sheahan.
19:03 of 3rd period - Shot Misses the Net.
19:05 of 3rd period - Slapshot by Denis Bodrov.
19:05 of 3rd period - Stopped by Anders Lindback with a rebound.
19:07 of 3rd period - Snap shot by Josh Jooris.
19:07 of 3rd period - Stopped by Anders Lindback with a rebound.
19:09 of 3rd period - Slapshot by Denis Bodrov.
19:09 of 3rd period - Shot Misses the Net.
19:11 of 3rd period - Slapshot by Denis Bodrov.
19:11 of 3rd period - Stopped by Anders Lindback with a rebound.
19:13 of 3rd period - Slapshot by Denis Bodrov.
19:13 of 3rd period - Stopped by Anders Lindback without a rebound.
19:14 of 3rd period - Andy Murray call a timeout for Mulligans.
19:14 of 3rd period - Nick Bonino wins face-off versus Riley Sheahan in Mulligans zone.
19:33 of 3rd period - Mulligans, Anders Lindback is pulled from the net.
19:55 of 3rd period - Snap shot by Nick Bonino.
19:55 of 3rd period - Stopped by Chet Pickard with a rebound.
19:57 of 3rd period - Slapshot by Jonathan Tremblay.
19:57 of 3rd period - Stopped by Chet Pickard without a rebound.
19:58 of 3rd period - Nick Bonino wins face-off versus Riley Sheahan in Mustangs zone.
Goals for this period are 2 for Mustangs vs 0 for Mulligans.
Shots for this period are 16 for Mustangs vs 9 for Mulligans.
Back to the Top